AoeStats
← universal

Nomad

510322926Analyzed
2v2 RM · 2d ago on Sep 30, 2026· 87m 42s· 4 players
Game mode
Random Map
Map size
176×176
Population
200
Speed
Normal
Resources
Standard
Victory
Conquest
Starting age
Dark Age
Ending age
Imperial Age
RankedLock teamsTeams togetherTeam positionsShared explorationLock speedFull tech treeHidden civsTurbo modeCheats
Victory
Defeat
🇨🇱 Cumans · Chile
497
+16
🇨🇴 Sicilians · Colombia
336
+23
🇪🇸 Magyars · Spain
521
-21
🇬🇧 Vikings · United Kingdom
463
-18
RodionRomanovitchRaskolnikov
5:47 Loom
14:59 Feudal Age
18:09 Man-at-Arms
23:37 Castle Age
22:14 Forging
24:37 Double-Bit Axe
26:15 Gold Mining
26:15 Stone Mining
27:54 Crossbowman
27:57 Long Swordsman
28:51 Fervor
30:50 Bow Saw
31:15 Pikeman
31:59 Squires
33:01 Chieftains
32:29 Elite Skirmisher
34:58 Medium Warships
38:44 Horse Collar
39:58 Treadmill Crane
45:03 Imperial Age
45:40 Arbalester
46:14 Two-Handed Swordsman
47:31 Conscription
47:56 Heavy Warships
47:29 Cavalier
50:56 Chemistry
50:17 Ballistics
50:08 Masonry
49:54 Murder Holes
55:09 Two-Man Saw
54:13 Capped Ram
60:31 Onager
62:43 Heavy Plow
64:58 Fletching
65:08 Padded Archer Armor
65:44 Iron Casting
65:09 Scale Mail Armor
65:15 Scale Barding Armor
64:48 Heavy Scorpion
66:18 Siege Ram
70:09 Champion
72:12 Bodkin Arrow
72:32 Leather Archer Armor
76:51 Town Watch
78:58 Bracer
79:13 Leather Archer Armor
84:47 Blast Furnace
84:02 Chain Mail Armor
84:18 Ring Archer Armor
88:22 Plate Mail Armor
88:22 Ring Archer Armor
PiotrPetrovichLuzhin
8:11 Loom
19:59 Feudal Age
20:25 Fishing Lines
20:43 Double-Bit Axe
23:14 Wheelbarrow
33:25 Castle Age
34:48 Bloodlines
34:38 Husbandry
33:59 Light Cavalry
35:27 Gillnets
36:19 Hand Cart
37:33 Bow Saw
38:37 Pikeman
41:27 Scale Barding Armor
43:09 Corvinian Army
45:44 Imperial Age
47:27 Conscription
48:40 Hussar
51:12 Chain Barding Armor
52:55 Town Watch
53:49 Parthian Tactics
52:44 Heavy Cavalry Archer
53:31 Recurve Bow
54:25 Town Patrol
56:53 Fletching
57:04 Padded Archer Armor
57:40 Plate Barding Armor
56:59 Elite Magyar Huszar
65:13 Bodkin Arrow
65:33 Leather Archer Armor
65:19 Scale Mail Armor
66:10 Halberdier
71:02 Bracer
71:33 Ring Archer Armor
71:18 Chain Mail Armor
universal
16:48 Feudal Age
18:55 Horse Collar
21:49 Gold Mining
21:52 Double-Bit Axe
23:03 Man-at-Arms
25:41 Stone Mining
25:54 Scale Mail Armor
28:40 Fishing Lines
32:02 Castle Age
31:47 Bloodlines
32:58 Forging
33:04 Chain Mail Armor
34:15 Pikeman
35:52 Wheelbarrow
35:30 Heavy Plow
36:13 Gillnets
37:13 Gold Shaft Mining
40:17 Scale Barding Armor
40:49 Iron Casting
41:02 Bow Saw
41:34 Ballistics
41:39 Hand Cart
43:14 Loom
43:17 Town Watch
42:57 Light Cavalry
42:59 Long Swordsman
43:44 Squires
43:31 Gambesons
45:42 Elite Skirmisher
50:49 Chain Barding Armor
50:21 Fletching
56:18 Imperial Age
55:25 Bodkin Arrow
55:33 Padded Archer Armor
56:31 Heavy Mounted Crossbowman
58:28 Chemistry
57:33 Bracer
58:05 Plate Mail Armor
58:31 Leather Archer Armor
58:01 Cranequins
59:03 Husbandry
58:55 Cavalier
60:17 Stone Shaft Mining
59:58 Murder Holes
59:38 Elite Serjeant
62:39 Crop Rotation
68:57 Blast Furnace
72:45 Heavy Scorpion
72:54 Onager
79:36 Elite Skirmisher
82:48 Conscription
87:36 Arson
JJCC
15:04 Feudal Age
16:38 Man-at-Arms
18:51 Wheelbarrow
20:46 Horse Collar
25:37 Castle Age
24:33 Double-Bit Axe
26:33 Elite Skirmisher
28:17 Hand Cart
28:14 Bow Saw
27:56 Gold Mining
28:09 Heavy Plow
28:22 Fletching
35:17 Imperial Age
33:49 Ballistics
34:37 Gold Shaft Mining
34:39 Pikeman
34:39 Long Swordsman
37:57 Two-Man Saw
37:09 Elite Kipchak
41:32 Chemistry
40:47 Bodkin Arrow
44:14 Two-Man Saw
43:48 Scale Barding Armor
43:54 Forging
43:44 Scale Mail Armor
43:48 Padded Archer Armor
49:28 Iron Casting
49:08 Chain Mail Armor
49:13 Chain Barding Armor
51:00 Cavalier
55:47 Blast Furnace
55:17 Plate Mail Armor
55:22 Plate Barding Armor
59:49 Two-Handed Swordsman
60:31 Squires
63:22 Halberdier
65:55 Plate Barding Armor
65:35 Leather Archer Armor
83:11 Elite Steppe Lancer
Connection lost

Rejoining the realm…

Still unreachable

The connection could not be restored.

Session expired

The server has moved on; the page needs a fresh start.